AoeStats
← Nic

Arena

509878492Analyzed
1v1 RM · 3d ago on Sep 28, 2026· 40m 6s· 2 players
Game mode
Random Map
Map size
Tiny (2 player)
Population
200
Speed
Normal
Resources
Standard
Victory
Conquest
Starting age
Dark Age
Ending age
Imperial Age
RankedLock teamsTeams togetherTeam positionsShared explorationLock speedFull tech treeHidden civsTurbo modeCheats
Victory
Defeat
🇧🇪 Romans · Belgium
935
+17
🇹🇼 Magyars · Taiwan
966
-17
nielsjehaes23
10:36 Feudal Age
11:02 Double-Bit Axe
16:58 Castle Age
15:05 Stone Mining
15:04 Loom
15:55 Wheelbarrow
15:20 Horse Collar
15:06 Man-at-Arms
16:01 Forging
18:58 Scale Mail Armor
18:25 Long Swordsman
20:56 Squires
22:34 Heavy Plow
22:27 Gold Mining
22:57 Bow Saw
26:13 Hand Cart
27:39 Gold Shaft Mining
29:52 Scale Barding Armor
30:23 Iron Casting
30:04 Chain Mail Armor
30:46 Bloodlines
30:36 Husbandry
30:48 Husbandry
33:07 Ballistas
35:35 Imperial Age
36:44 Conscription
35:46 Elite Centurion
37:48 Chemistry
37:09 Ballistics
36:56 Siege Engineers
36:49 Murder Holes
37:05 Masonry
Nic
11:01 Feudal Age
12:57 Double-Bit Axe
16:47 Castle Age
15:08 Double-Bit Axe
20:57 Bow Saw
28:25 Imperial Age
25:42 Loom
27:58 Masonry
28:53 Wheelbarrow
29:50 Conscription
29:37 Town Watch
31:59 Two-Man Saw
33:47 Corvinian Army
34:21 Hand Cart
34:37 Ballistics
35:00 Town Patrol
36:20 Thumb Ring
37:11 Scale Barding Armor
38:52 Horse Collar
Connection lost

Rejoining the realm…

Still unreachable

The connection could not be restored.

Session expired

The server has moved on; the page needs a fresh start.